 Dungeon Crawl Stone Soup version 0.27-a0-249-g74f53ef629 (webtiles) character file.

Game seed: 282760252416710644

137 Borgoz the Slasher (level 5, 0/44 HPs)
             Began as a Ghoul Gladiator on Feb 3, 2021.
             Slain by an orc wizard
             ... wielding a +0 dagger
              (1 damage)
             ... on level 3 of the Dungeon.
             The game lasted 00:02:07 (2309 turns).

Borgoz the Slasher (Ghoul Gladiator)                Turns: 2309, Time: 00:02:07

Health: 0/44       AC:  6    Str: 18    XL:     5   Next: 20%
Magic:  4/4        EV: 12    Int:  3    God:
Gold:   50         SH:  0    Dex: 11    Spells: 4/4 levels left

rFire    + . .     SeeInvis .   a - +0 long sword
rCold    + . .     Faith    .   (no shield)
rNeg     + + +     Spirit   .   f - +0 ring mail
rPois    ∞         Reflect  .   c - +0 helmet
rElec    .         Harm     .   (no cloak)
rCorr    .         Rampage  .   (no gloves)
Will     .....                  (no boots)
Stlth    +.........             j - amulet of the acrobat
HPRegen  0.00/turn              n - ring of protection from fire
MPRegen  0.09/turn              (no ring)

@: flying
A: claws 1, cold resistance 1, negative energy resistance 3, inhibited
regeneration, torment resistance, unbreathing
a: no special abilities


You were on level 3 of the Dungeon.
You visited 1 branch of the dungeon, and saw 3 of its levels.

You collected 50 gold pieces.

Inventory:

Hand Weapons
 a - a +0 long sword (weapon)
Missiles
 d - 3 throwing nets (quivered)
Armour
 c - a +0 helmet (worn)
 f - a +0 ring mail (worn)
Jewellery
 j - an amulet of the acrobat (around neck)
 n - a ring of protection from fire (left claw)
Scrolls
 b - a scroll of teleportation {unknown}
 g - a scroll of fear {unknown}
 h - a scroll of remove curse {unknown}
 i - a scroll of identify
 k - a scroll of amnesia
 m - a scroll of blinking {unknown}


   Skills:
 + Level 2.8 Fighting
 * Level 3.6 Long Blades
 - Level 1.7 Throwing
 * Level 2.0 Armour
 * Level 3.6 Dodging


You had 4 spell levels left.
You didn't know any spells.
Your spell library was empty.

Dungeon Overview and Level Annotations

Branches:
Dungeon (3/15)

Altars:
Elyvilon


Innate Abilities, Weirdness & Mutations

You thrive by killing the living.
You are immune to poison.
You have sharp fingernails.
Your flesh is cold resistant. (rC+)
You are immune to negative energy. (rN+++)
You do not regenerate when monsters are visible.
You are immune to unholy pain and torment.
You can survive without breathing.


Message History

You hear some strange, mumbled words.
A puff of flame appears from out of thin air!
The puff of flame misses you.
The gnoll hits you from afar with a +0 spear!
* * * LOW HITPOINT WARNING * * *
You miss something. Something hits you but does no damage.
The gnoll barely misses you. Something hits you but does no damage.
Okay, then.
You aren't carrying any potions.
As you read the scroll labelled YMUMMITUXE, it crumbles to dust.
It is a scroll of identify.
k - a scroll of amnesia Something hits you but does no damage.
As you read the scroll labelled XID DAIS VESAE, it crumbles to dust.
You feel aware of your surroundings.
You sensed 1 altar.
It was a scroll of magic mapping.
The gnoll hits you from afar with a +0 halberd!
* * * LOW HITPOINT WARNING * * *
Something hits you.
You die...

**+**#....♣._.♣........# **,*
*,#..[............#
,,,***+*#≈..♣$.≈######## *******
,,,*,,,,#≈≈...≈≈#**********,,,,,,
,,,*,...###.†.###,,,,,,,,,,,,****
,,,*......†gl#####**********,*,,,
,,,,.......Sgg>g.# *,,,*,,,
,,,,.....#'#####.#*********,,****
,,**##...,,,,,,#@#,,,,,,,,,,,,,,,
****....,,,,,,,#.#,********,,,,_,
,,,*...,,,,,,,,#.#,* ***,,,,
,,,*...,,,,,,,,...,* *,,,,,,
,,,*,,,***+*,,,...,* ***,*****
,,,,,,,* *,*,,.....******<*,*,,,,
*,,,,,,* *,*,,.....,,,,**,*,*,,,,
*,,,,,,***,*,.......,,,+,,*,*****
***,,,,,,*,*,,,,,,,,,,,****,*


You could see a gnoll.

Vanquished Creatures
  Jessica (D:2)
  A worker ant (D:2)
  A gnoll (D:1)
  2 adders (D:2)
  An ooze (D:1)
  A dart slug (D:1)
  A leopard gecko (D:1)
  2 orcs (D:3)
  A ball python (D:3)
  5 bats
  7 goblins
  8 hobgoblins
  4 jackals (D:3)
  2 frilled lizards
  8 kobolds
  9 rats
54 creatures vanquished.

Notes
Turn   | Place    | Note
-------+----------+-------------------------------------------
     0 | D:1      | Borgoz the Ghoul Gladiator began the quest for the Orb.
     0 | D:1      | Reached XP level 1. HP: 17/17 MP: 0/0
    98 | D:1      | Reached XP level 2. HP: 24/24 MP: 1/1
   467 | D:1      | Reached skill level 1 in Armour
   579 | D:1      | Reached XP level 3. HP: 17/30 MP: 2/2
   833 | D:1      | You fall into a shaft and drop 1 floor!
   837 | D:2      | Noticed Jessica
   845 | D:2      | Killed Jessica
   861 | D:2      | Reached XP level 4. HP: 23/37 MP: 3/3
  1916 | D:2      | Reached XP level 5. HP: 36/44 MP: 4/4
  2274 | D:3      | Found a white marble altar of Elyvilon.
  2309 | D:3      | HP: 1/44 [gnoll/+0 halberd (7)]
  2309 | D:3      | Slain by an orc wizard

Illustrated notes

Levels and vault maps discovered:
D:1:      co_arrival_random_square_maze, layout_basic
D:2:      layout_rooms, nicolae_overflow_hidden_temple, uniq_jessica
D:3:      minmay_chambers_of_threes, layout_basic, dancing_weapons_uskayaw,
          elyvilon_altar_4, uniq_grinder, uniq_robin

Skill      XL: |  1  2  3  4  5 |
---------------+----------------+-----
Armour         | 1 2 |  2.0
Dodging        | 3 |  3.6
Long Blades    | 3 |  3.6
Fighting       | |  2.8
Throwing       | |  1.7

Action                   |  1- 3 |  4- 6 || total
-------------------------+-------+-------++-------
Melee: Long sword        |    64 |   109 ||   173
  Use: Potion            |     2 |     1 ||     3
       Scroll            |       |     2 ||     2
Armor: Leather armour    |     5 |       ||     5
       Ring mail         |    23 |    40 ||    63
Dodge: Dodged            |    58 |   115 ||   173
       Rpst.: Long sword |    18 |    30 ||    48

Table legend: (Time is in decaauts)
 A = Elapsed time spent in this place.
 B = Non-inter-level travel time spent in this place.
 C = Inter-level travel time spent in this place.
 D = Time resting spent in this place.
 E = Time spent auto-exploring this place.
 F = Levels seen in this place.
 G = Mean time per level.
                   A        B        C        D        E       F      G
               +--------+--------+--------+--------+--------+-----+--------+
         Total |   2350 |   2287 |     63 |    429 |   1444 |   3 |  783.3 |
       Dungeon |   2350 |   2287 |     63 |    429 |   1444 |   3 |  783.3 |
               +--------+--------+--------+--------+--------+-----+--------+

Top non-repeatable levels by time:
     D:1: 1391 daAuts
     D:2: 872 daAuts
     D:3: 86 daAuts
